 Dungeon Crawl Stone Soup version 0.22-a0-271-gc000056 (webtiles) character file.

2294 grindst0ne the Blocker (level 9, -13/72 HPs)
             Began as a Formicid Fighter on Mar 10, 2018.
             Was a Believer of the Shining One.
             Mangled by Fingolfin's ghost (17 damage)
             ... on level 6 of the Dungeon.
             The game lasted 00:08:57 (6398 turns).

grindst0ne the Blocker (Formicid Fighter)           Turns: 6398, Time: 00:08:57

Health: -13/72     AC: 14    Str: 24    XL:     9   Next: 67%
Magic:  9/9        EV:  9    Int:  5    God:    the Shining One [**....]
Gold:   230        SH: 12    Dex: 11    Spells: 8/8 levels left

rFire    + . .     SeeInvis +   n - +2 war axe (venom)
rCold    . . .     Gourm    .   c - +0 shield
rNeg     + . .     Faith    .   o - +2 scale mail {rF+}
rPois    .         Spirit   .   (helmet unavailable)
rElec    .         Reflect  .   y - +0 cloak
rCorr    +         Harm     .   (no gloves)
MR       .....                  d - +1 pair of boots
Stlth    ..........             (no amulet)
HPRegen  0.22/turn              z - ring of resist corrosion
MPRegen  0.11/turn              (no ring)

@: glowing
A: permanent stasis, dig shafts and tunnels, four strong arms, antennae 3, icy
blue scales 1, dopey 1, mutation resistance 1
a: Dig, Shaft Self, Divine Shield, Renounce Religion


You were on level 6 of the Dungeon.
You worshipped the Shining One.
The Shining One was pleased with you.
You were hungry.

You visited 1 branch of the dungeon, and saw 7 of its levels.

You collected 360 gold pieces.
You spent 130 gold pieces at shops.

Inventory:

Hand Weapons
 b - a +0 broad axe
 n - a +2 war axe of venom (weapon)
Missiles
 j - a throwing net (quivered)
Armour
 c - a +0 shield (worn)
 d - a +1 pair of boots (worn)
 o - a +2 scale mail of fire resistance (worn)
 y - a +0 cloak (worn)
Jewellery
 z - a ring of resist corrosion (left hand)
Wands
 x - a wand of digging (17)
 B - a wand of flame (18)
Scrolls
 a - a scroll of identify
 e - a scroll of fog {unknown}
 h - 3 scrolls of teleportation {unknown}
 k - 2 scrolls of blinking {unknown}
 m - 3 scrolls of remove curse {unknown}
 p - 4 scrolls of magic mapping {unknown}
 r - a scroll of fear {unknown}
 t - a scroll of noise {unknown}
 u - a scroll of immolation {unknown}
 v - 2 scrolls of enchant weapon {unknown}
Potions
 i - 2 potions of brilliance
 l - 2 potions of berserk rage
 s - 5 potions of curing
Comestibles
 f - 19 rations


   Skills:
 + Level 7.5 Fighting
 + Level 6.4 Axes
 - Level 3.2 Armour
 * Level 10.9 Shields


You had 8 spell levels left.
You didn't know any spells.

Dungeon Overview and Level Annotations

Branches:
Dungeon (7/15)             Temple (0/1) D:5

Altars:
Ashenzari
Cheibriados
Gozag
Hepliaklqana
Nemelex Xobeh
Okawaru
Qazlal
Ru
Trog
Uskayaw
The Shining One

Shops:
D:6 =(:

Annotations:
D:5 exclusion: downstairs
D:6 Fingolfin's ghost, novice GrEE


Innate Abilities, Weirdness & Mutations

You cannot be hasted, slowed, berserked, paralysed or teleported.
You can dig through walls and to a lower floor.
Your four strong arms can wield two-handed weapons with a shield.
You have a pair of large antennae on your head. (SInv)
You are partially covered in icy blue scales. (AC +2)
You are dopey. (Int -2)
You are somewhat resistant to further mutation.


Message History

Fingolfin's ghost is almost destroyed.
Fingolfin's ghost hits you but does no damage.
You hit Fingolfin's ghost but do no damage.
Fingolfin's ghost is almost destroyed.
Fingolfin's ghost hits you but does no damage.
You are electrocuted!
* * * LOW HITPOINT WARNING * * *
You hit Fingolfin's ghost but do no damage.
Fingolfin's ghost is almost destroyed.
You block Fingolfin's ghost's attack. x2
You hit Fingolfin's ghost but do no damage.
Fingolfin's ghost is almost destroyed.
Fingolfin's ghost casts a spell at you. The stone arrow hits you!
* * * LOW HITPOINT WARNING * * *
You hit Fingolfin's ghost but do no damage.
Fingolfin's ghost is almost destroyed.
Fingolfin's ghost hits you but does no damage.
You are electrocuted!
You die...

#.# ....... #.#... #.#
#....# #..... #.# #.#....#
#.#.## #.# #.#....# #.#.#
#)# #.##...####.#.# #.#
##.##....W<....# #.#
##...#........####
#####.###......#..........
#........@W...[..#########
#.#######......#.# #.#
###...#'#.# #.#
#.....'∩'.# #.#
####.##.##'### #.#
#........))# ####### #.#
#.......#.## #......
#.###.......#.# #.♣)♣.♣
#.............# #....[.


You could see Fingolfin's ghost.

Vanquished Creatures
  Joseph (D:7)
  The ghost of Ijustatesigmund the Chopper, an amateur HOFi (D:3)
  A hungry ghost (D:7)
  Edmund (D:4)
  An orc warrior (D:6)
  An ogre (D:4)
  A phantom (D:7)
  A centaur (D:4)
  2 bullfrogs (D:7)
  A gnoll sergeant (D:7)
  2 scorpions
  4 killer bees (D:7)
  2 electric eels (D:5)
  A howler monkey (D:4)
  2 crimson imps (D:5)
  An orc priest (D:5)
  5 hounds
  2 iguanas
  2 orc wizards
  2 bullfrog skeletons (D:4)
  A worker ant (D:6)
  A hound skeleton (D:4)
  2 howler monkey zombies
  12 adders
  4 gnolls (D:7)
  3 oozes
  An adder skeleton (D:4)
  A worm (D:3)
  3 leopard geckos
  16 orcs
  10 goblins
  8 hobgoblins
  9 kobolds
  A quokka (D:3)
  9 bats
  4 frilled lizards
  A leopard gecko skeleton (D:7)
  A quokka skeleton (D:7)
  A quokka zombie (D:5)
  6 rats
128 creatures vanquished.

Notes
Turn   | Place    | Note
-------+----------+-------------------------------------------
     0 | D:1      | grindst0ne the Formicid Fighter began the quest for the Orb.
     0 | D:1      | Reached XP level 1. HP: 18/18 MP: 1/1
   130 | D:1      | Reached XP level 2. HP: 24/24 MP: 2/2
   131 | D:1      | Reached skill level 4 in Shields
   997 | D:2      | Reached XP level 3. HP: 25/29 MP: 3/3
  1166 | D:2      | Reached XP level 4. HP: 25/37 MP: 4/4
  1186 | D:2      | Found a bloodstained altar of Trog.
  1189 | D:2      | Found a shattered altar of Ashenzari.
  1192 | D:2      | Found a hazy altar of Hepliaklqana.
  1201 | D:2      | Found a glowing golden altar of the Shining One.
  1219 | D:2      | Became a worshipper of the Shining One
  1505 | D:2      | Reached skill level 5 in Shields
  1644 | D:3      | Reached XP level 5. HP: 39/42 MP: 5/5
  1664 | D:3      | Noticed Ijustatesigmund's ghost (amateur HOFi)
  1848 | D:3      | Killed Ijustatesigmund's ghost
  1848 | D:3      | Reached skill level 6 in Shields
  1848 | D:3      | Reached XP level 6. HP: 28/49 MP: 6/6
  2374 | D:4      | Reached * piety under the Shining One
  2431 | D:4      | Reached XP level 7. HP: 45/55 MP: 7/7
  2572 | D:4      | Reached skill level 5 in Fighting
  2609 | D:4      | Noticed Edmund
  2632 | D:4      | Killed Edmund
  2632 | D:4      | Reached skill level 7 in Shields
  3164 | D:4      | Reached skill level 8 in Shields
  3164 | D:4      | Reached XP level 8. HP: 33/63 MP: 8/8
  3450 | D:5      | Entered Level 5 of the Dungeon
  3481 | D:5      | Found a staircase to the Ecumenical Temple.
  3507 | D:5      | Found a transporter.
  3896 | D:5      | Found a transporter.
  4135 | D:6      | Reached skill level 5 in Axes
  4135 | D:6      | Reached skill level 9 in Shields
  4389 | D:6      | Found Jacuazew's Jewellery Boutique.
  4398 | D:6      | Noticed Fingolfin's ghost (novice GrEE)
  4959 | D:6      | Found a snail-covered altar of Cheibriados.
  4962 | D:6      | Found a sacrificial altar of Ru.
  4962 | D:6      | Found Xana's Book Emporium.
  4963 | D:6      | Found an opulent altar of Gozag.
  4963 | D:6      | Found an iron altar of Okawaru.
  5121 | D:6      | Found Doas's Antique Weapon Boutique.
  5136 | D:6      | Bought a glowing war axe for 130 gold pieces
  5172 | D:6      | You fall through a shaft!
  5244 | D:7      | Noticed Joseph
  5262 | D:7      | Killed Joseph
  5262 | D:7      | Reached XP level 9. HP: 11/71 MP: 9/9
  5586 | D:7      | Reached skill level 10 in Shields
  5607 | D:7      | Reached ** piety under the Shining One
  5673 | D:7      | Found a sparkling altar of Nemelex Xobeh.
  5744 | D:7      | Found a stormy altar of Qazlal.
  5834 | D:7      | Noticed a dagger
  5836 | D:7      | Noticed a hand axe
  5836 | D:7      | Found a hide-covered altar of Uskayaw.
  6381 | D:6      | Gained mutation: You are partially covered in icy blue scales. (AC +2) [potion of mutation]
  6381 | D:6      | Gained mutation: You are dopey. (Int -2) [potion of mutation]
  6381 | D:6      | Gained mutation: You are somewhat resistant to further mutation. [potion of mutation]
  6398 | D:6      | Mangled by Fingolfin's ghost

Vault maps used:
D:1:      shiori_shiawase, st_stairs_14
D:2:      grunt_temple_overflow_cloverleaf, first_ration
D:4:      uniq_edmund
D:5:      gammafunk_steamed_eel, minmay_temple_entry_statues_pillars
D:6:      grunt_temple_overflow_open, serial_shops, nicolae_shop_behind_doors,
          shop, nicolae_shop_overgrown_old_shop, nicolae_shop_statue_plus, shop,
          grunt_ministairs_3
D:7:      kennysheep_mini, dancing_weapons_uskayaw, basic_altar,
          bh_walls_and_bars, uniq_joseph

Skill      XL: |  1  2  3  4  5  6  7  8  9 |
---------------+----------------------------+-----
Shields        | 4 5 6 8 9 10 | 10.9
Fighting       | 4 5 6 7 |  7.5
Axes           | 3 4 5 6 |  6.4
Armour         | |  3.2

Action                   |  1- 3 |  4- 6 |  7- 9 || total
-------------------------+-------+-------+-------++-------
Melee: War axe           |    77 |   105 |   242 ||   424
 Abil: Dig               |       |       |     2 ||     2
Evoke: Wand              |       |       |    12 ||    12
  Use: Potion            |       |     1 |     9 ||    10
       Scroll            |       |       |     3 ||     3
  Eat: Chunk             |     1 |     4 |    13 ||    18
Armor: Scale mail        |    38 |    32 |    70 ||   140
       Skin              |       |       |     9 ||     9
Dodge: Dodged            |    33 |    39 |    79 ||   151
Block: Shield            |    48 |    68 |   153 ||   269

Table legend:
 A = Spawn XP
 B = Non-spawn XP
 C = Spawn XP percentage of total XP
 D = Spawn monster count
 E = Non-spawn monster count
 F = Spawn count percentage of total count
 G = Total turns spent on level
                    A         B        C        D         E        F      G
               +---------+---------+-------+---------+---------+-------+---------
         Total |       0 |    3278 |   0.0 |       0 |     128 |   0.0 |  6398
               +---------+---------+-------+---------+---------+-------+---------
           D:1 |       0 |      17 |   0.0 |       0 |      10 |   0.0 |   778
           D:2 |       0 |      87 |   0.0 |       0 |      19 |   0.0 |  1023
           D:3 |       0 |     368 |   0.0 |       0 |      32 |   0.0 |   547
           D:4 |       0 |     653 |   0.0 |       0 |      16 |   0.0 |  1102
           D:5 |       0 |     314 |   0.0 |       0 |      18 |   0.0 |  1158
           D:6 |       0 |     319 |   0.0 |       0 |      11 |   0.0 |   723
           D:7 |       0 |    1520 |   0.0 |       0 |      22 |   0.0 |  1067
               +---------+---------+-------+---------+---------+-------+---------
